 Dungeon Crawl Stone Soup version 0.24.1 (webtiles) character file.

Game seed: 3517776206247947221, levelgen mode: deterministic

146592 BuffBuff the Severer (level 16, -3/149 HPs)
             Began as a Minotaur Berserker on Apr 3, 2020.
             Was the Champion of Trog.
             Slain by a naga warrior
             ... wielding a +0 war axe
              (12 damage)
             ... on level 2 of the Snake Pit on Apr 5, 2020.
             The game lasted 01:30:44 (29394 turns).

BuffBuff the Severer (Minotaur Berserker)          Turns: 29394, Time: 01:30:44

Health: -3/149     AC: 42    Str: 28    XL:     16   Next: 90%
Magic:  15/15      EV:  9    Int:  4    God:    Trog [******]
Gold:   86         SH:  2    Dex: 11    Spells: 15/15 levels left

rFire    . . .     SeeInvis .   a - +4 battleaxe (venom)
rCold    . . .     Gourm    .   (shield currently unavailable)
rNeg     . . .     Faith    .   m - +2 crystal plate armour
rPois    .         Spirit   .   p - +2 hat
rElec    .         Reflect  +   D - +1 cloak {MR+}
rCorr    .         Harm     .   H - +2 pair of gloves
MR       ++++.                  s - +2 pair of boots {run}
Stlth    ..........             f - +2 amulet of reflection
HPRegen  1.34/turn              O - +5 ring of protection
MPRegen  0.14/turn              (no ring)

@: lethally poisoned (-3 -> -3), regenerating, constricted, quick
A: retaliatory headbutt, horns 2
a: Berserk, Trog's Hand, Brothers in Arms, Renounce Religion


You were on level 2 of the Snake Pit.
You worshipped Trog.
Trog was exalted by your worship.
You were not hungry.

You visited 4 branches of the dungeon, and saw 23 of its levels.

You collected 2503 gold pieces.
You spent 2417 gold pieces at shops.

Inventory:

Hand Weapons
 a - a +4 battleaxe of venom (weapon)
 b - a +1 broad axe of flaming
Missiles
 I - 8 curare-tipped darts (quivered)
Armour
 m - a +2 crystal plate armour (worn)
 p - a +2 hat (worn)
 s - a +2 pair of boots of running (worn)
 D - a +1 cloak of magic resistance (worn)
 H - a +2 pair of gloves (worn)
Jewellery
 f - a +2 amulet of reflection (around neck)
 L - an uncursed ring of ice
 O - a +5 ring of protection (left hand)
Wands
 e - a wand of iceblast (6)
 w - a wand of flame (7)
 y - a wand of scattershot (4)
 C - a wand of paralysis (3)
 E - a wand of disintegration (48)
 M - a wand of clouds (8)
Scrolls
 d - 3 scrolls of blinking
 g - 12 scrolls of teleportation
 k - 5 scrolls of enchant weapon
 x - 5 scrolls of remove curse
 F - 4 scrolls of identify
Potions
 h - 4 potions of lignification
 i - a potion of heal wounds
 j - 2 potions of resistance
 l - a potion of ambrosia
 t - 5 potions of mutation
 v - 3 potions of agility
 z - a potion of invisibility
 A - 9 potions of curing
Comestibles
 c - 32 rations


   Skills:
 + Level 15.6 Fighting
 * Level 20.5 Axes
 + Level 15.4 Armour
 + Level 14.3 Dodging


You had 15 spell levels left.
You didn't know any spells.
Your spell library was empty.

Dungeon Overview and Level Annotations

Branches:
Dungeon (13/15)            Temple (0/1) D:5            Lair (6/6) D:9
 Shoals (0/4) Lair:2        Snake (2/4) Lair:3        Slime (0/5) Lair:5
    Orc (2/2) D:9             Elf (0/3) Orc:2
 Vaults: D:13-14

Altars:
Ashenzari
Dithmenos
Elyvilon
Gozag
Hepliaklqana
Kikubaaqudgha
Makhleb
Nemelex Xobeh
Ru
Trog
Uskayaw
Vehumet
Wu Jian
Yredelemnul
The Shining One
Beogh
Jiyva

Shops:
D:10 *   D:11 [   Orc:1 !*   Orc:2 =?(}


Innate Abilities, Weirdness & Mutations

You reflexively headbutt those who attack you in melee.
You have a pair of horns on your head.


Message History

* * * LOW HITPOINT WARNING * * *
The naga warrior constricts you.
The salamander shoots an arrow.
The arrow hits you but does no damage.
A naga comes into view. It is wielding a +0 long sword.
Your skin crawls.
You feel resistant to hostile enchantments.
You feel somewhat more hungry.
You kill the salamander!
Trog accepts your kill.
The salamander shoots an arrow.
The arrow completely misses you.
The naga warrior hits you but does no damage.
The naga warrior constricts you. The naga warrior blocks your attack.
The naga warrior is almost dead.
The salamander shoots an arrow.
The arrow hits you!
* * * LOW HITPOINT WARNING * * *
The arrow burns you.
* * * LOW HITPOINT WARNING * * *
The naga warrior hits you with a +0 war axe!
You die...

##<)..# #))..#
#....# ####
#...[# .#...#
#....# ......#
#....# #......
#....#
#.....)###†...#
#N..N.)@[).(###
......)N#####
#......##
#...... #......
....... #......
##...#.


You could see a naga warrior, a salamander and a naga.

Vanquished Creatures
  Rupert (Lair:6)
  Donald (Orc:1)
  A nagaraja (Snake:2)
  2 orc warlords (Orc:1)
  A war gargoyle (D:12)
  A dire elephant (Lair:6)
  Snorg (Lair:3)
  A deep elf high priest (D:12)
  Josephine (Orc:1)
  Erolcha (D:9)
  A rakshasa (D:12)
  6 hydras
  3 naga warriors
  Harold (D:7)
  A merfolk avatar (Lair:6)
  An anaconda (Snake:1)
  16 two-headed ogres
  5 death yaks
  4 ogre magi
  6 naga sharpshooters
  2 shock serpents
  Sonja (Orc:2)
  2 unseen horrors (D:12)
  A salamander mystic (Snake:2)
  A naga ritualist (Snake:1)
  Pikel (D:6)
  2 phantasmal warriors (D:12)
  4 ugly things
  2 harpies (Lair:6)
  An orc knight (Orc:1)
  4 oklob plants (Lair:6)
  2 mana vipers (Snake:1)
  2 salamanders (Snake:2)
  5 cyclopes
  2 manticores
  2 orc sorcerers (Orc:2)
  15 elephants
  Maurice (D:9)
  A guardian serpent (Snake:2)
  10 black mambas
  4 naga magi
  A centaur skeleton (D:13)
  14 spiny frogs
  6 rime drakes
  9 komodo dragons
  3 hornets
  4 polar bears
  5 trolls
  Prince Ribbit (D:9)
  Grinder (D:5)
  8 hippogriffs
  21 blink frogs
  2 shadows (D:12)
  4 wyverns
  6 wraiths
  25 yaks
  Grum (D:8)
  7 basilisks
  A steam dragon (D:7)
  21 nagas
  4 wargs
  A swamp worm (shapeshifter) (D:12)
  Duvessa (D:7)
  An acid dragon (D:12)
  13 water moccasins
  A soldier ant (D:13)
  9 porcupines
  20 orc warriors
  5 sky beasts
  34 ogres
  4 black bears
  9 ice beasts
  An eye of draining (D:11)
  27 wolves
  12 centaurs
  11 crocodiles
  2 big kobolds
  12 bullfrogs
  A gnoll sergeant (Orc:1)
  A wyvern zombie (D:6)
  Dowan (D:7)
  A wyvern skeleton (D:12)
  4 scorpions
  3 killer bees (D:8)
  10 howler monkeys
  3 wights (D:8)
  6 crimson imps
  2 bullfrog zombies
  A hound (D:9)
  4 jellies
  Crazy Yiuf (D:6)
  25 orc priests
  2 bullfrog skeletons
  Terence (D:2)
  6 iguanas
  21 orc wizards
  7 worker ants
  A howler monkey zombie (D:9)
  8 adders
  5 gnolls
  4 shadow imps
  An ooze (D:2)
  An adder zombie (D:7)
  An adder skeleton (D:5)
  3 dart slugs
  6 worms
  2 leopard geckos
  96 orcs
  A ball python (D:6)
  5 bats
  2 bat skeletons (D:2)
  5 giant cockroaches
  7 goblins
  8 hobgoblins
  3 jackals (D:7)
  3 quokkas
  4 frilled lizards
  13 kobolds
  2 quokka skeletons
  A quokka zombie (D:2)
  9 rats
  2 fungi (Lair:1)
  A plant (Lair:5)
721 creatures vanquished.

Vanquished Creatures (others)
  A centaur (D:12)
  An orc priest (Orc:2)
  4 jackals (D:6)
  20 fungi
  24 plants (Lair:6)
50 creatures vanquished.

Grand Total: 771 creatures vanquished

Notes
Turn   | Place    | Note
-------+----------+-------------------------------------------
     0 | D:1      | BuffBuff the Minotaur Berserker began the quest for the
                  | Orb.
     0 | D:1      | Reached XP level 1. HP: 19/19 MP: 0/0
   143 | D:1      | Reached XP level 2. HP: 27/27 MP: 1/1
   177 | D:1      | Reached skill level 4 in Axes
   610 | D:2      | Reached XP level 3. HP: 33/33 MP: 2/2
   988 | D:2      | Noticed Terence
   997 | D:2      | Killed Terence
   997 | D:2      | Reached ** piety under Trog
   997 | D:2      | Reached XP level 4. HP: 29/40 MP: 3/3
  1768 | D:3      | Reached skill level 5 in Axes
  1832 | D:3      | Noticed a bullfrog
  1840 | D:3      | Killed a bullfrog
  1840 | D:3      | Reached XP level 5. HP: 31/47 MP: 4/4
  2470 | D:3      | Reached XP level 6. HP: 41/55 MP: 5/5
  2489 | D:3      | Found a shadowy altar of Dithmenos.
  2774 | D:4      | Reached skill level 6 in Axes
  2777 | D:4      | Reached skill level 5 in Fighting
  3399 | D:4      | Reached *** piety under Trog
  3689 | D:5      | Entered Level 5 of the Dungeon
  3705 | D:5      | Reached XP level 7. HP: 60/61 MP: 6/6
  3827 | D:5      | Reached skill level 7 in Axes
  3898 | D:5      | Noticed Grinder
  3919 | D:5      | Paralysed by Grinder for 7 turns
  3936 | D:5      | Killed Grinder
  3936 | D:5      | Reached skill level 5 in Armour
  3965 | D:5      | You fall into a shaft and drop 2 floors!
  3971 | D:7      | Found an ancient bone altar of Kikubaaqudgha.
  4248 | D:5      | Reached skill level 5 in Dodging
  4248 | D:5      | Reached XP level 8. HP: 47/70 MP: 7/7
  4251 | D:5      | Reached skill level 8 in Axes
  4454 | D:5      | Found a staircase to the Ecumenical Temple.
  4611 | D:5      | Found an opulent altar of Gozag.
  4732 | D:6      | Found a shadowy altar of Dithmenos.
  4897 | D:6      | Noticed Pikel
  4911 | D:6      | Killed Pikel
  4911 | D:6      | Reached skill level 9 in Axes
  5230 | D:6      | Found a runed translucent door.
  5231 | D:6      | Noticed Crazy Yiuf
  5240 | D:6      | Killed Crazy Yiuf
  5937 | D:6      | Found a burning altar of Makhleb.
  5938 | D:6      | Found a radiant altar of Vehumet.
  6056 | D:7      | Noticed Harold
  6070 | D:7      | Killed Harold
  6070 | D:7      | Reached skill level 10 in Axes
  6070 | D:7      | Reached XP level 9. HP: 76/79 MP: 8/8
  6249 | D:7      | Noticed a +0 dagger
  6250 | D:7      | Noticed a +0 hand axe
  6251 | D:7      | Found a hide-covered altar of Uskayaw.
  6323 | D:7      | Found a basalt altar of Yredelemnul.
  6426 | D:7      | Noticed Duvessa
  6427 | D:7      | Noticed Dowan
  6433 | D:7      | Killed Duvessa
  6436 | D:7      | Killed Dowan
  6788 | D:7      | Found an opulent altar of Gozag.
  7046 | D:8      | Reached skill level 11 in Axes
  7177 | D:8      | Found a sacrificial altar of Ru.
  7255 | D:8      | Reached XP level 10. HP: 13/90 MP: 9/9
  7527 | D:8      | Reached **** piety under Trog
  7637 | D:8      | Found an opulent altar of Gozag.
  7637 | D:8      | Noticed Grum
  7664 | D:8      | Killed Grum
  7962 | D:8      | Found a roughly hewn altar of Beogh.
  8199 | D:8      | Found a sparkling altar of Nemelex Xobeh.
  8365 | D:9      | Reached skill level 12 in Axes
  8651 | D:9      | Noticed a death yak
  8671 | D:9      | Killed a death yak
  8700 | D:9      | Noticed an elephant
  8720 | D:9      | Killed an elephant
  8821 | D:9      | Noticed Prince Ribbit
  8839 | D:9      | Killed Prince Ribbit
  8867 | D:9      | Found a staircase to the Lair.
  8895 | D:9      | Found a staircase to the Orcish Mines.
  8989 | D:9      | Found a bloodstained altar of Trog.
  9116 | D:9      | Noticed Maurice
  9143 | D:9      | Killed Maurice
  9228 | D:9      | Found an ornate altar of the Wu Jian Council.
  9277 | D:9      | Noticed Erolcha
  9277 | D:9      | Noticed a two-headed ogre
  9296 | D:9      | Killed a two-headed ogre
  9296 | D:9      | Reached skill level 13 in Axes
  9296 | D:9      | Reached XP level 11. HP: 99/99 MP: 10/10
  9352 | D:9      | Killed Erolcha
  9352 | D:9      | Reached skill level 10 in Fighting
  9384 | D:9      | Found a hazy altar of Hepliaklqana.
  9384 | D:9      | Found a shattered altar of Ashenzari.
  9691 | D:10     | Entered Level 10 of the Dungeon
  9913 | D:10     | You fall into a shaft and drop 3 floors!
 10062 | D:12     | Noticed a green ugly thing
 10067 | D:12     | Noticed a six-headed hydra
 10071 | D:12     | Killed a green ugly thing
 10071 | D:12     | Reached skill level 10 in Armour
 10081 | D:12     | Noticed an eight-headed hydra
 10501 | D:10     | Noticed a two-headed ogre
 10505 | D:10     | Killed a two-headed ogre
 10742 | D:10     | Reached ***** piety under Trog
 10940 | D:10     | Noticed a two-headed ogre
 10948 | D:10     | Killed a two-headed ogre
 10948 | D:10     | Reached skill level 14 in Axes
 11239 | D:10     | Found Pehat's Assorted Antiques.
 11251 | D:10     | Bought a broad axe for 96 gold pieces
 12047 | D:11     | Found Xeivyrey's Armour Shop.
 12065 | D:11     | Reached XP level 12. HP: 89/110 MP: 11/11
 12157 | D:11     | Reached skill level 10 in Dodging
 12539 | D:11     | Found a glowing golden altar of the Shining One.
 13581 | D:12     | Reached skill level 15 in Axes
 13614 | D:12     | Killed an eight-headed hydra
 13693 | D:12     | Noticed a two-headed ogre
 13703 | D:12     | Killed a two-headed ogre
 14032 | D:12     | Paralysed by a hornet for 1 turns
 14912 | D:12     | Noticed a rakshasa
 14969 | D:12     | Noticed a war gargoyle
 15343 | D:12     | Killed a war gargoyle
 15343 | D:12     | Reached skill level 16 in Axes
 15493 | D:12     | Killed a rakshasa
 15498 | D:12     | Reached XP level 13. HP: 118/118 MP: 12/12
 15671 | D:12     | Identified Kikubaaqudgha's Incunabulum of Dark Rituals
 15861 | Lair:1   | Entered Level 1 of the Lair of Beasts
 16725 | Lair:1   | Found a white marble altar of Elyvilon.
 17117 | Lair:2   | Got a faintly glowing amethyst amulet
 17148 | Lair:2   | Found a staircase to the Shoals.
 17803 | Lair:3   | Found a staircase to the Snake Pit.
 17897 | Lair:3   | Received a gift from Trog
 17982 | Lair:3   | Noticed Snorg
 17998 | Lair:3   | Killed Snorg
 17998 | Lair:3   | Reached skill level 17 in Axes
 19529 | Lair:4   | You fall into a shaft and drop 2 floors!
 19529 | Lair:6   | Entered Level 6 of the Lair of Beasts
 19787 | Lair:6   | Noticed a dire elephant
 19797 | Lair:6   | Killed a dire elephant
 19825 | Lair:6   | Reached XP level 14. HP: 99/129 MP: 4/13
 19988 | Lair:6   | Noticed Rupert
 20001 | Lair:6   | Killed Rupert
 20025 | Lair:6   | Identified the amulet "Loag" {Harm *Drain Fragile Dex+4
                  | Slay+3} (You found it on level 2 of the Lair of Beasts)
 20037 | Lair:6   | Identified a scroll of acquirement
 20048 | Lair:6   | Identified a +0 pair of boots of running (You acquired it
                  | on level 6 of the Lair of Beasts)
 20335 | Lair:6   | Reached skill level 18 in Axes
 20609 | Lair:6   | Received a gift from Trog
 21984 | Lair:5   | Found a viscous altar of Jiyva.
 21985 | Lair:5   | Found a staircase to the Slime Pits.
 22951 | Lair:6   | HP: 5/132 [drowned by a drowned soul[a merfolk avatar]
                  | (11)]
 24000 | Orc:1    | Entered Level 1 of the Orcish Mines
 24199 | Orc:2    | Entered Level 2 of the Orcish Mines
 24218 | Orc:2    | Noticed Josephine
 24219 | Orc:2    | Noticed Sonja
 24224 | Orc:2    | Reached skill level 19 in Axes
 24233 | Orc:1    | Killed Josephine
 24453 | Orc:2    | Noticed Donald
 24528 | Orc:1    | Reached XP level 15. HP: 93/139 MP: 14/14
 24751 | Orc:1    | Killed Donald
 24994 | Orc:2    | Noticed an orc warlord
 25191 | Orc:1    | Killed an orc warlord
 25688 | Orc:2    | Killed Sonja
 26198 | Orc:2    | Found Qalubrausmu's Magic Scroll Boutique.
 26198 | Orc:2    | Found Nettofug's Gadget Emporium.
 26199 | Orc:2    | Found Vemod's Jewellery Shoppe.
 26199 | Orc:2    | Found Ylekh's Antique Weapon Boutique.
 26245 | Orc:2    | Noticed an orc warlord
 26264 | Orc:1    | Killed an orc warlord
 26619 | Orc:2    | Found a staircase to the Elven Halls.
 26710 | Orc:1    | Found Eski's Distillery.
 26852 | Orc:1    | Found Jod Buant's General Store.
 26873 | Orc:1    | Received a gift from Trog
 27115 | Orc:2    | Bought a +5 ring of protection for 660 gold pieces
 27202 | D:11     | Bought the cursed +1 pearl dragon scales of an ossuary
                  | {rElec rN+} for 1444 gold pieces
 27230 | D:11     | Reached skill level 15 in Fighting
 27230 | D:11     | Reached skill level 20 in Axes
 27230 | D:11     | Reached skill level 15 in Armour
 27230 | D:11     | Reached XP level 16. HP: 149/149 MP: 15/15
 27317 | Orc:2    | Bought a +2 amulet of reflection for 90 gold pieces
 27321 | Orc:2    | Bought a scroll of enchant armour for 127 gold pieces
 27442 | Snake:1  | Entered Level 1 of the Snake Pit
 27946 | Snake:1  | Reached ****** piety under Trog
 29394 | Snake:2  | Slain by a naga warrior

Levels and vault maps discovered:
D:1:      dpeg_arrival_three_smaller_balls, layout_rooms
D:2:      layout_loops_corners, first_ration, serial_undead, serial_undead_a,
          serial_undead_d, serial_undead_a, serial_undead_b, uniq_terence
D:3:      layout_loops_ring, nicolae_overflow_crystal_walls, serial_forest,
          infiniplex_forest_lined_corner, infiniplex_forest_corner_1,
          infiniplex_forest_corner_1, infiniplex_forest_lined_room_2,
          infiniplex_forest_straight_1
D:4:      layout_cave_pools
D:5:      layout_rooms, temple_hall, basic_altar, uniq_grinder
D:6:      layout_basic, grunt_temple_overflow_lords_of_destruction,
          grunt_dithmenos_smoke_and_mirrors, uniq_crazy_yiuf_cottage, uniq_pikel
D:7:      layout_loops_ring, kiku_gazebo_pond_becter, dancing_weapons_uskayaw,
          marbit_many_paths, nicolae_overflow_hidden_temple, uniq_duvessa,
          uniq_harold
D:8:      layout_rooms, old_standard_altar, old_standard_altar, basic_altar,
          special_room [special_room_orc], uniq_grum
D:9:      layout_rooms, amethyst_overflow_temple_binary, lightli_temple_of_fire,
          kennysheep_little_box, david_lair_generic, orc_0_dummy, uniq_maurice,
          uniq_prince_ribbit1, uniq_erolcha
D:10:     layout_roguey, serial_shops, shop, minivault_24,
          hangedman_decor_points, blue_anna_alchemist [blue_anna_fruit_fields,
          blue_anna_fruit_fields]
D:11:     layout_gridville, serial_shops, nicolae_shop_crystal,
          chequers_hall_statues_wall_a, nrook_pool_corridor, nicolae_sextant,
          tso_metal_star
D:12:     minmay_nested_s, layout_loops_corners
D:13:     layout_irregular_city
Lair:1:   layout_cave_pods, basic_altar
Lair:2:   layout_roguey, shoals_dummy_entry, serial_rivers,
          chequers_serial_rivers_large_a, chequers_serial_rivers_micro_e,
          chequers_serial_rivers_small_a, chequers_serial_rivers_micro_b,
          chequers_serial_rivers_room_b, minivault_25
Lair:3:   layout_regular_city, guppyfry_snake_entry_island, fungi_pond_lemuel,
          grunt_forest_large_clearings, uniq_snorg
Lair:4:   layout_hall_layers
Lair:5:   layout_gridlike, dpeg_slime_entry_enclosed_altar,
          eino_small_chamber_without_monster, grunt_megastairs_4
Lair:6:   gammafunk_lair_ancient_temple, layout_misc_corridors,
          minmay_lair_oklob_chamber, lemuel_fruit_tree, uniq_rupert
Snake:1:  layout_basic, serial_bayou_pond_c
Snake:2:  layout_rooms, serial_bayou_pond_d, minmay_shoptagon
Orc:1:    layout_caves, serial_shops, nicolae_shop_crystal, nicolae_shop_trees
Orc:2:    st_orc_ogre_mass, layout_diamond_mine, uniq_donald, uniq_josephine,
          uniq_sonja

Skill      XL: |  1  2  3  4  5  6  7  8  9 10 11 12 13 14 15 16 |
---------------+-------------------------------------------------+-----
Axes           | 4 5 6 7 10 11 13 14 16 17 19 20 | 20.5
Fighting       | 4 5 6 7 8 9 11 12 13 14 15 | 15.6
Armour         | 3 4 5 7 8 9 10 11 13 14 15 | 15.4
Dodging        | 3 4 5 6 7 8 9 11 12 13 14 | 14.3

Action                   |  1- 3 |  4- 6 |  7- 9 | 10-12 | 13-15 | 16-18 || total
-------------------------+-------+-------+-------+-------+-------+-------++-------
Melee: Hand axe          |    34 |       |       |       |       |       ||    34
       Headbutt          |    16 |    34 |    45 |   165 |   156 |    37 ||   453
       Dagger            |    23 |   138 |       |       |       |       ||   161
       War axe           |       |     3 |   197 |   363 |   159 |       ||   722
       Unarmed           |       |       |     9 |       |       |       ||     9
       Broad axe         |       |       |       |   276 |    12 |       ||   288
       Whip              |       |       |       |     4 |       |       ||     4
       Battleaxe         |       |       |       |       |   579 |   162 ||   741
       Demon whip        |       |       |       |       |    19 |       ||    19
Throw: Dart              |       |       |    10 |     8 |       |       ||    18
Invok: Trog's Hand       |       |     1 |     4 |    14 |    17 |     1 ||    37
       Berserk           |       |     1 |     3 |    10 |     6 |       ||    20
Evoke: Wand              |       |       |       |       |    47 |       ||    47
  Use: Potion            |       |     3 |       |     1 |     7 |     1 ||    12
       Scroll            |       |       |    10 |     2 |    20 |     3 ||    35
  Eat: Chunk             |       |     7 |    16 |    27 |    45 |       ||    95
       Ration            |       |     1 |       |     4 |     1 |     2 ||     8
Armor: Animal skin       |    12 |       |       |       |       |       ||    12
       Leather armour    |     2 |     7 |       |       |       |       ||     9
       Scale mail        |       |    38 |       |       |       |       ||    38
       Plate armour      |       |     4 |   114 |   495 |   421 |       ||  1034
       Skin              |       |       |     8 |       |       |       ||     8
       Pearl dragon scal |       |       |       |       |       |    67 ||    67
       Crystal plate arm |       |       |       |       |       |    33 ||    33
Dodge: Dodged            |    39 |    86 |    86 |   332 |   503 |    80 ||  1126
Block: Other             |       |       |       |       |       |     5 ||     5
       Reflection        |       |       |       |       |       |     1 ||     1
